 Dungeon Crawl Stone Soup version 0.22.1-1-ga44c0e5 (webtiles) character file.

45 Fang the Skirmisher (level 3, -4/24 HPs)
             Began as a Gargoyle Berserker on Oct 9, 2018.
             Was a Believer of Trog.
             Slain by Terence
             ... wielding a +0 flail
              (6 damage)
             ... on level 2 of the Dungeon.
             The game lasted 00:00:46 (1199 turns).

Fang the Skirmisher (Gargoyle Berserker)            Turns: 1199, Time: 00:00:47

Health: -4/24      AC:  5    Str: 21    XL:     3   Next: 64%
Magic:  3/3        EV: 12    Int:  7    God:    Trog [**....]
Gold:   61         SH:  0    Dex:  9    Spells: 2/2 levels left

rFire    . . .     SeeInvis .   a - +0 hand axe
rCold    . . .     Gourm    .   (no shield)
rNeg     + . .     Faith    +   b - +0 animal skin
rPois    ∞         Spirit   .   (no helmet)
rElec    +         Reflect  .   (no cloak)
rCorr    .         Harm     .   (no gloves)
MR       .....                  (no boots)
Stlth    +.........             j - amulet of faith
HPRegen  0.08/turn              g - ring of wizardry (curse)
MPRegen  0.08/turn              (no ring)

@: no status effects
A: negative energy resistance 1, electricity resistance, unbreathing,
petrification resistance, rot immunity, AC +3
a: Berserk, Trog's Hand, Renounce Religion


You were on level 2 of the Dungeon.
You worshipped Trog.
Trog was pleased with you.
You were hungry.

You visited 1 branch of the dungeon, and saw 2 of its levels.

You collected 61 gold pieces.

Inventory:

Hand Weapons
 a - a +0 hand axe (weapon)
Armour
 b - a +0 animal skin (worn)
Jewellery
 g - a cursed ring of wizardry (left hand)
 j - an amulet of faith (around neck)
Scrolls
 d - 2 scrolls of identify {unknown}
 e - 2 scrolls of teleportation {unknown}
 f - a scroll of enchant armour {unknown}
 k - a scroll of magic mapping {unknown}
Potions
 h - a potion of curing {unknown}
 i - 2 potions of lignification {unknown}
Comestibles
 c - 3 rations


   Skills:
 + Level 3.9 Fighting
 + Level 3.3 Axes
 + Level 2.3 Armour
 + Level 1.7 Dodging
 + Level 0.7 Stealth


You had 2 spell levels left.
You didn't know any spells.
Your spell library was empty.

Dungeon Overview and Level Annotations

Branches:
Dungeon (2/15)

Altars:
Ashenzari

Annotations:
D:2 Terence


Innate Abilities, Weirdness & Mutations

You are resistant to torment.
Your stone body is resilient. (AC +3)
You are immune to poison.
You resist negative energy. (rN+)
You are resistant to electric shocks. (rElec)
You can survive without breathing.
You are immune to petrification.
You are immune to rotting.


Message History

You hit Terence but do no damage. You hit the adder.
You kill the adder!
Trog accepts your kill. Terence closely misses you.
You barely miss Terence. You hit the rat. Terence hits you but does no damage.
The rat closely misses you.
You barely miss Terence. You hit the rat.
You kill the rat!
Trog accepts your kill. Terence misses you.
You hit Terence but do no damage. Terence shouts, "Now you die!"
Terence closely misses you.
You hit Terence.
Terence is moderately wounded.
Terence closely misses you.
You completely miss Terence.
Terence is moderately wounded.
Terence hits you with a flail.
You die...

## .. # .# .# .#
.. .#.#?##
.##########.......
..........@@......
######.###†......
#...............
#.###.###.......
#.# #...... #.#
.....$ #.# ###...
#.# #.. #.#


You could see Terence.

Vanquished Creatures
  An adder (D:2)
  2 worms (D:2)
  2 dart slugs (D:1)
  3 bats (D:1)
  A giant cockroach (D:1)
  A goblin (D:1)
  6 hobgoblins
  2 jackals (D:1)
  5 kobolds
  4 rats
27 creatures vanquished.

Notes
Turn   | Place    | Note
-------+----------+-------------------------------------------
     0 | D:1      | Fang the Gargoyle Berserker began the quest for the Orb.
     0 | D:1      | Reached XP level 1. HP: 14/14 MP: 1/1
     0 | D:1      | Noticed a large abomination
     0 | D:1      | Noticed a large abomination
     3 | D:1      | Noticed a large abomination
     3 | D:1      | Noticed a red draconian
     7 | D:1      | Noticed an iron dragon
     8 | D:1      | Noticed a shadow dragon
    10 | D:1      | Noticed an ice dragon
    13 | D:1      | Noticed an iron dragon
    14 | D:1      | Noticed an ice dragon
    14 | D:1      | Noticed a tentacled monstrosity
    16 | D:1      | Noticed an iron dragon
    16 | D:1      | Noticed a shadow dragon
    18 | D:1      | Noticed a shadow dragon
    56 | D:1      | Reached XP level 2. HP: 11/19 MP: 2/2
   687 | D:1      | Found a shattered altar of Ashenzari.
   920 | D:1      | Reached XP level 3. HP: 24/24 MP: 3/3
   940 | D:1      | Reached ** piety under Trog
  1185 | D:2      | Noticed Terence
  1193 | D:2      | HP: 1/24 [adder (4)]
  1199 | D:2      | Slain by Terence

Skill      XL: |  1  2 |
---------------+-------+-----
Axes           | 3 |  3.3
Fighting       | |  3.9
Armour         | |  2.3
Dodging        | |  1.7
Stealth        | |  0.7

Action                   || total
-------------------------++-------
Melee: Hand axe          ||    83
Armor: Animal skin       ||    22
Dodge: Dodged            ||    69
